 Dungeon Crawl Stone Soup version 0.29.1-15-g9cfb28693d (webtiles) character file.

Game seed: 4281360037374404070

55369 Smoke131 the Basher (level 14, -8/133 HPs)
             Began as a Minotaur Fighter on Feb 24, 2023.
             Was an Elder of the Shining One.
             Mangled by an enormous slime creature (72 damage)
             ... on level 3 of the Lair of Beasts.
             The game lasted 00:58:32 (23619 turns).

Smoke131 the Basher (Minotaur Fighter)             Turns: 23619, Time: 00:58:33

Health: -8/133     AC: 28    Str: 26    XL:     14   Next: 38%
Magic:  20/20      EV:  7    Int:  5    God:    the Shining One [****..]
Gold:   1182       SH: 13    Dex: 13    Spells: 13/13 levels left

rFire   . . .      SeeInvis .   m - +8 eveningstar (holy)
rCold   + + .      Faith    .   L - +0 kite shield
rNeg    + + .      Spirit   .   J - +1 plate armour {rC+}
rPois   .          Reflect  .   a - +1 hat
rElec   .          Harm     .   s - +1 cloak
rCorr   .          Rampage  .   d - +0 pair of fencer's gloves {Riposte Dex+3}
Will    +....                   r - +0 pair of boots
Stlth   ..........              N - amulet of regeneration
HPRegen 1.12/turn               w - ring of protection from cold
MPRegen 0.17/turn               E - +4 ring of protection

@: about to teleport, glowing
A: horns 2, retaliatory headbutt
a: Renounce Religion, Divine Shield, Cleansing Flame


You were on level 3 of the Lair of Beasts.
You worshipped the Shining One.
The Shining One was greatly pleased with you.
You visited 3 branches of the dungeon, and saw 16 of its levels.

You collected 1182 gold pieces.

Inventory:

Hand Weapons
 m - a +8 eveningstar of holy wrath (weapon)
 n - a +0 morningstar of electrocution
 F - the +10 dark maul {vorpal}
   (You took it off a two-headed ogre on level 8 of the Dungeon)

   It inflicts extra damage upon your enemies.
Missiles
 b - a throwing net (quivered)
Armour
 a - a +1 hat (worn)
 d - the +0 pair of fencer's gloves (worn) {Riposte Dex+3}
   (You found it on level 10 of the Dungeon)

   It allows the wearer to riposte with melee weapons, swiftly retaliating
   against missed or blocked melee attacks.
   Dex:       It affects your dexterity (+3).
 p - +0 acid dragon scales
 r - a +0 pair of boots (worn)
 s - a +1 cloak (worn)
 y - a +2 chain mail of fire resistance
 J - a +1 plate armour of cold resistance (worn)
 K - the +2 pair of gloves "Elygoram" {Int+3}
   (You found it on level 9 of the Dungeon)

   Int:       It affects your intelligence (+3).
 L - a +0 kite shield (worn)
Jewellery
 c - the ring of Spontaneous Combustion {Ice Dex+4}
   (You took it off a tengu warrior on level 9 of the Dungeon)

   [ring of ice]

   It enhances your ice magic.
   Dex:       It affects your dexterity (+4).
   rF:        It makes you vulnerable to fire.
   rC:        It protects you from cold.
 q - a ring of magical power
 w - a ring of protection from cold (left hand)
 B - a ring of fire
 E - a +4 ring of protection (right hand)
 N - an amulet of regeneration (around neck)
Wands
 h - a wand of flame (32)
 C - a wand of roots (13)
 G - a wand of polymorph (11)
Scrolls
 e - 2 scrolls of blinking
 g - 3 scrolls of teleportation
 i - 3 scrolls of magic mapping
 t - 2 scrolls of amnesia
 z - 6 scrolls of butterflies
 I - a scroll of fear
 M - a scroll of vulnerability {unknown}
 O - a scroll of torment {unknown}
Potions
 f - 2 potions of attraction
 j - 5 potions of curing
 k - 2 potions of haste {unknown}
 l - 2 potions of brilliance
 o - 3 potions of ambrosia
 u - a potion of magic
 v - 5 potions of mutation
 x - 4 potions of flight
 A - 5 potions of cancellation
 D - 2 potions of resistance
 H - 4 potions of heal wounds


   Skills:
 + Level 14.5 Fighting
 + Level 14.5 Maces & Flails
 + Level 14.5 Armour
 + Level 14.5 Shields
 - Level 10.0 Invocations


You had 13 spell levels left.
You didn't know any spells.
Your spell library contained the following spells:

 Spells                   Type           Power      Damage    Failure   Level
 Apportation              Tloc           0%         N/A       100%        1
 Beastly Appendage        Tmut           0%         N/A       100%        1
 Necrotise                Necr           0%         1d4       100%        1
 Sting                    Tmut/Pois      0%         1d3       100%        1
 Summon Small Mammal      Summ           0%         N/A       100%        1
 Blink                    Tloc           0%         N/A       100%        2
 Poisonous Vapours        Pois/Air       0%         N/A       100%        2
 Wereblood                Tmut           0%         N/A       100%        2
 Conjure Flame            Conj/Fire      0%         6-21      100%        3
 Dazzling Flash           Conj/Hex       0%         N/A       100%        3
 Ignite Poison            Fire/Tmut/Pois 0%         N/A       100%        3
 Inner Flame              Hex/Fire       0%         N/A       100%        3
 Lesser Beckoning         Tloc           0%         N/A       100%        3
 Mephitic Cloud           Conj/Pois/Air  0%         N/A       100%        3
 Spider Form              Tmut/Pois      0%         N/A       100%        3
 Summon Guardian Golem    Hex/Summ       0%         N/A       100%        3
 Cause Fear               Hex            0%         N/A       100%        4
 Corpse Rot               Necr/Pois/Air  0%         N/A       100%        4
 Iskenderun's Mystic Bla  Conj/Tloc      0%         2d3       100%        4
 Olgreb's Toxic Radiance  Pois           0%         N/A       100%        4
 Sticky Flame             Conj/Fire      0%         2d3       100%        4
 Freezing Cloud           Conj/Ice/Air   0%         6-21      100%        5
 Manifold Assault         Tloc           0%         N/A       100%        5
 Starburst                Conj/Fire      0%         6d3       100%        6
 Orb of Destruction       Conj           0%         9d5       100%        7
 Spellforged Servitor     Conj/Summ      0%         N/A       100%        7
 Storm Form               Tmut/Air       0%         N/A       100%        7
 Discord                  Hex            0%         N/A       100%        8


Dungeon Overview and Level Annotations

Branches:
Dungeon (10/15)            Temple (1/1) D:7            Lair (5/5) D:9
 Shoals (0/4) Lair:2        Snake (0/4) Lair:3        Slime (0/5) Lair:5
    Orc (0/2) D:10

Altars:
Ashenzari
Cheibriados
Dithmenos
Elyvilon
Fedhas
Gozag
Hepliaklqana
Kikubaaqudgha
Makhleb
Nemelex Xobeh
Okawaru
Qazlal
Ru
Sif Muna
Trog
Uskayaw
Vehumet
Wu Jian
Xom
Yredelemnul
Zin
The Shining One
Jiyva

Shops:
D:3 !*

Annotations:
D:9 1 runed translucent door
D:10 2 transporters
Lair:3 Xetihies's ghost, journeyman HOFi


Innate Abilities, Weirdness & Mutations

You have a pair of horns on your head.
You reflexively headbutt those who attack you in melee.


Message History

You bludgeon the slime creature!! You headbutt the slime creature!
The slime creature is severely wounded.
The jelly jiggles.
You block the slime creature's attack.
You riposte.
You impale the slime creature!! You headbutt the slime creature.
The slime creature is almost dead.
You hit the slime creature but do no damage.
The slime creature is almost dead.
Two slime creatures merge to form an enormous slime creature.
You hit the enormous slime creature.
The enormous slime creature is moderately wounded.
You bludgeon the enormous slime creature!!
You headbutt the enormous slime creature.
The enormous slime creature is moderately wounded.
You completely miss the enormous slime creature.
You headbutt the enormous slime creature!
The enormous slime creature is heavily wounded.
The enormous slime creature hits you!!
You impale the enormous slime creature!!
The enormous slime creature is heavily wounded.
You block the enormous slime creature's attack.
You impale the enormous slime creature!!
The enormous slime creature is severely wounded.
The enormous slime creature hits you!!!
You puncture the enormous slime creature!
The enormous slime creature is severely wounded.
The enormous slime creature hits you but does no damage.
You impale the enormous slime creature!!
The enormous slime creature is severely wounded.
The enormous slime creature hits you!
You hit the enormous slime creature.
You headbutt the enormous slime creature!
The enormous slime creature is severely wounded.
The enormous slime creature hits you!
Xetihies's ghost screams, "You must not succeed where I failed!"
As you read the scroll of teleportation, it crumbles to dust.
You feel strangely unstable.
The enormous slime creature hits you!!!!
Ouch! That really hurt!
You die...

## ####..### #.......# #####.#
#.#.##### ##...##### ##...###
#.....#..# ##^...### [!....'..##
####.#.## # _!....'...#
########.P'...#
###).....'...###............####
..##.....#)..JJ##...........'..##
.#.##$..###..JWJ@...........##...
##..#####.....###...........#.#.#
######..###.#.# #...........##.##
# #.......## #...........#####
#.......# ######..#.#P#
##...#...# ######## #P.###.###
#### ###


You could see an enormous slime creature, 3 jellies and Xetihies's ghost.

Vanquished Creatures
  A ghost moth (shapeshifter) (D:10)
  2 dire elephants (Lair:5)
  5 hydras
  Harold (D:9)
  2 boulder beetles (D:9)
  5 two-headed ogres
  Erica (D:8)
  8 death yaks
  2 tengu warriors (D:9)
  2 spectral death yaks (Lair:5)
  A spectral anaconda (Lair:5)
  A lindwurm (Lair:3)
  An obsidian statue (Lair:5)
  A wizard (D:9)
  A deep elf pyromancer (D:10)
  A cyclops (D:8)
  3 necromancers (Lair:5)
  An orc knight (D:10)
  An oklob plant (Lair:3)
  An ugly thing (D:9)
  2 manticores
  A molten gargoyle (Lair:5)
  19 elephants
  7 black mambas
  A guardian serpent (Lair:3)
  A gargoyle (D:10)
  13 cane toads
  An unseen horror (D:10)
  A kobold demonologist (D:9)
  8 komodo dragons
  A yaktaur (D:10)
  3 rime drakes (Lair:5)
  A polar bear (Lair:4)
  A wind drake (Lair:2)
  A troll (D:10)
  A hornet (Lair:3)
  3 blink frogs (Lair:5)
  A spectral elephant (Lair:5)
  5 dream sheep
  A shadow (D:10)
  2 wyverns
  A wraith (D:10)
  A dire elephant simulacrum (Lair:5)
  27 yaks
  A vampire (D:10)
  A human (shapeshifter) (D:9)
  2 basilisks
  A fire elemental (Lair:5)
  3 steam dragons
  A death yak simulacrum (Lair:5)
  The ghost of leafyfresh the Sneak, an amateur OpEE (D:5)
  14 water moccasins
  2 acid dragons
  A sky beast (D:8)
  4 ice beasts
  4 orc warriors
  A black bear (Lair:1)
  An elephant zombie (Lair:5)
  3 ogres
  13 centaurs
  A phantom (D:5)
  2 kobold brigands (D:9)
  7 bullfrogs
  A gnoll sergeant (D:8)
  3 cane toad simulacra (Lair:5)
  8 wights
  An elephant simulacrum (Lair:5)
  5 killer bees
  2 electric eels
  8 howler monkeys
  A hound (D:6)
  4 orc priests
  A wyvern simulacrum (D:5)
  A gnoll bouda (D:6)
  A jelly (D:5)
  Jessica (D:3)
  Crazy Yiuf (D:2)
  5 iguanas
  6 orc wizards
  Terence (D:3)
  A bullfrog simulacrum (D:5)
  A centaur simulacrum (D:5)
  A scorpion simulacrum (D:5)
  Robin (D:3)
  6 adders
  2 white imps (D:5)
  3 dart slugs
  An adder simulacrum (D:5)
  22 orcs
  6 ball pythons
  8 endoplasms
  3 giant cockroaches
  10 hobgoblins
  4 jackals (D:3)
  13 kobolds
  3 quokkas
  2 bats
  6 frilled lizards
  16 goblins
  7 rats
373 creatures vanquished.

Vanquished Creatures (others)
  5 fungi
  45 plants
  13 withered plants (Lair:5)
63 creatures vanquished.

Grand Total: 436 creatures vanquished

Notes
Turn   | Place    | Note
-------+----------+-------------------------------------------
     0 | D:1      | Smoke131 the Minotaur Fighter began the quest for the Orb.
     0 | D:1      | Reached XP level 1. HP: 19/19 MP: 0/0
   188 | D:1      | Reached XP level 2. HP: 27/27 MP: 1/1
   981 | D:2      | Found a faded altar of an unknown god.
  1179 | D:2      | Reached XP level 3. HP: 33/33 MP: 2/2
  1686 | D:2      | Found a runed translucent door.
  1687 | D:2      | Noticed Crazy Yiuf
  1692 | D:2      | Killed Crazy Yiuf
  1693 | D:2      | Reached XP level 4. HP: 16/41 MP: 3/3
  2040 | D:3      | Noticed Jessica
  2056 | D:3      | Killed Jessica
  2094 | D:3      | Noticed Robin
  2322 | D:3      | Killed Robin
  2323 | D:3      | Reached XP level 5. HP: 42/47 MP: 4/4
  2472 | D:3      | Noticed Terence
  2474 | D:3      | Found Nat Juk's Distillery.
  2479 | D:3      | Killed Terence
  2720 | D:3      | Found Zin's Purification Station.
  2722 | D:3      | Found a glowing silver altar of Zin.
  2824 | D:4      | Reached skill level 5 in Shields
  2991 | D:4      | Reached skill level 5 in Armour
  3252 | D:3      | Reached skill level 5 in Fighting
  3308 | D:3      | Reached XP level 6. HP: 56/56 MP: 5/5
  4075 | D:5      | Entered Level 5 of the Dungeon
  4075 | D:5      | Found a runed translucent gate.
  4209 | D:5      | Reached skill level 5 in Maces & Flails
  4209 | D:5      | Reached XP level 7. HP: 55/62 MP: 6/6
  4575 | D:5      | Found a bloodstained altar of Trog.
  4797 | D:5      | Noticed leafyfresh's ghost (amateur OpEE)
  4903 | D:5      | Found a runed translucent gate.
  4903 | D:5      | Found a runed translucent gate.
  4958 | D:5      | Killed leafyfresh's ghost
  5032 | D:5      | Reached XP level 8. HP: 55/71 MP: 7/7
  6597 | D:7      | Found a sparkling altar of Nemelex Xobeh.
  6622 | D:7      | Found a hazy altar of Hepliaklqana.
  6745 | D:7      | Found a shadowy altar of Dithmenos.
  6821 | D:7      | Found an ancient bone altar of Kikubaaqudgha.
  6932 | D:7      | Found a staircase to the Ecumenical Temple.
  6941 | Temple   | Entered the Ecumenical Temple
  7555 | D:7      | Reached XP level 9. HP: 80/81 MP: 8/8
  7864 | D:8      | Found a sacrificial altar of Ru.
  7921 | D:8      | Found a glowing golden altar of the Shining One.
  7986 | D:8      | Became a worshipper of the Shining One
  8184 | D:8      | Noticed Erica
  8194 | D:8      | Killed Erica
  8583 | D:8      | Noticed a two-headed ogre
  8583 | D:8      | Noticed a two-headed ogre
  8621 | D:8      | Killed a two-headed ogre
  8681 | D:8      | Killed a two-headed ogre
  8682 | D:8      | Reached XP level 10. HP: 91/91 MP: 9/9
  8707 | D:8      | Noticed a two-headed ogre
  8736 | D:8      | Killed a two-headed ogre
  8749 | D:8      | Noticed a cyclops
  8780 | D:8      | Killed a cyclops
  9137 | D:8      | Reached skill level 10 in Armour
  9142 | D:8      | Reached skill level 10 in Fighting
  9142 | D:8      | Reached skill level 10 in Shields
  9461 | D:9      | Reached skill level 1 in Invocations
  9533 | D:8      | Reached skill level 10 in Maces & Flails
  9564 | D:9      | Found a runed translucent door.
  9567 | D:9      | Noticed a boulder beetle
  9567 | D:9      | Noticed a manticore
  9803 | D:8      | Killed a manticore
  9957 | D:9      | Noticed a boulder beetle
  9957 | D:9      | Reached * piety under the Shining One
  9991 | D:9      | Killed a boulder beetle
  9992 | D:9      | Reached skill level 5 in Invocations
 10080 | D:9      | Noticed a two-headed ogre
 10089 | D:9      | Noticed a green ugly thing
 10089 | D:9      | Noticed a tengu warrior
 10122 | D:9      | Noticed a wizard
 10326 | D:9      | Noticed Harold
 10335 | D:9      | Identified the +3 scale mail of Qazlal's Outrage {Rampage
                  | rC+ Int+3}
 10335 | D:9      | Identified the ring of Spontaneous Combustion {Ice Dex+4}
 10335 | D:9      | Noticed a tengu warrior
 10915 | D:9      | Killed Harold
 10916 | D:9      | Reached XP level 11. HP: 49/99 MP: 13/15
 11392 | D:9      | Killed a two-headed ogre
 11483 | D:9      | Killed a tengu warrior
 11621 | D:9      | Killed a wizard
 11686 | D:9      | Killed a green ugly thing
 12050 | D:9      | Identified the +2 pair of gloves "Elygoram" {Int+3}
 12452 | D:9      | Killed a boulder beetle
 12453 | D:9      | Reached skill level 10 in Invocations
 13053 | D:9      | Found a shimmering altar of Xom.
 13076 | D:9      | Killed a tengu warrior
 13457 | D:9      | Found a staircase to the Lair.
 13489 | D:9      | Identified the +1 robe of the Buccaneer {Harm rElec rF+}
 13828 | D:10     | Entered Level 10 of the Dungeon
 13871 | D:10     | Found a blossoming altar of Fedhas.
 13909 | D:10     | Found a white marble altar of Elyvilon.
 14200 | D:10     | Noticed a soul eater
 14212 | D:10     | Noticed a sun demon
 14388 | D:10     | Found a staircase to the Orcish Mines.
 14591 | D:10     | Noticed a ghost moth
 14597 | D:10     | Killed a ghost moth
 14598 | D:10     | Reached XP level 12. HP: 68/108 MP: 0/18
 14927 | D:10     | Found a transporter.
 14934 | D:10     | Found a transporter.
 15066 | D:10     | Noticed a two-headed ogre
 15078 | D:10     | Killed a two-headed ogre
 15220 | D:10     | HP: 5/110 [orc knight/+0 war axe (14)]
 15666 | D:10     | Found the +0 pair of fencer's gloves {Riposte Dex+3}
 15821 | D:10     | Found a hide-covered altar of Uskayaw.
 15969 | D:9      | Identified a scroll of acquirement
 15974 | D:9      | Acquired a +5 eveningstar of holy wrath
 16152 | Lair:1   | Entered Level 1 of the Lair of Beasts
 16885 | Lair:1   | Noticed a seven-headed hydra
 16892 | Lair:1   | Killed a seven-headed hydra
 17010 | Lair:1   | Found a basalt altar of Yredelemnul.
 17010 | Lair:1   | Reached ** piety under the Shining One
 18272 | Lair:2   | Found a staircase to the Shoals.
 18283 | Lair:2   | Reached XP level 13. HP: 106/119 MP: 19/19
 18851 | Lair:3   | Paralysed by a hornet for 3 turns
 19794 | Lair:3   | Found a staircase to the Snake Pit.
 20067 | Lair:3   | Found a runed translucent gate.
 20067 | Lair:3   | Found a runed translucent gate.
 20067 | Lair:3   | Found a runed translucent gate.
 20070 | Lair:3   | Noticed Xetihies's ghost (journeyman HOFi)
 20270 | Lair:3   | Found a viscous altar of Jiyva.
 20641 | Lair:4   | Found a hazy altar of Hepliaklqana.
 21427 | Lair:5   | Entered Level 5 of the Lair of Beasts
 21620 | Lair:5   | Found a viscous altar of Jiyva.
 21620 | Lair:5   | Found a staircase to the Slime Pits.
 22380 | Lair:5   | Identified the +2 robe of the Sturgeon {rElec Str+7 Int-4
                  | Stlth+}
 22431 | Lair:4   | Reached XP level 14. HP: 111/130 MP: 20/20
 22672 | Lair:5   | Reached *** piety under the Shining One
 22850 | Lair:5   | Identified the +10 plate armour "Qegruj" {*Slow Dex+3
                  | Slay+2}
 22940 | Lair:5   | Reached **** piety under the Shining One
 23619 | Lair:3   | Mangled by an enormous slime creature

Illustrated notes

Levels and vault maps discovered:
D:1:      lightli_arrival_chessboard, layout_basic
D:2:      layout_basic, hellmonk_ecumenical_altar_run_dry,
          uniq_crazy_yiuf_cottage
D:3:      layout_rooms, zin_purify, serial_shops, shop, uniq_robin,
          uniq_terence, uniq_jessica
D:4:      layout_basic
D:5:      layout_loops_ring, trog_hazing_becter, gammafunk_ghost_icy
D:6:      layout_basic, kennysheep_generic_room_12
D:7:      layout_layer_cave, nemelex_xobeh_ov_fountains_minmay,
          kiku_gazebo_pond_becter, grunt_dithmenos_smoke,
          nicolae_hepliaklqana_hazy_memory, minmay_temple_entry_junction_2
D:8:      layout_basic, nicolae_ru_awakened_eye, amcnicky_altar_gilded,
          hellmonk_guarded_unrand_dark_maul, uniq_erica
D:9:      minmay_the_grid_triangle_9x9_recursive_2_mashed
          [minmay_the_grid_triangle_9x9_prize_top_heavy,
          minmay_the_grid_triangle_9x9_longest,
          minmay_the_grid_triangle_9x9_wacky_v,
          minmay_the_grid_triangle_9x9_subtriangle], layout_grid_maze,
          xom_teletrap_fun, david_lair_shrubbed, uniq_harold
D:10:     nzn_winding_woodlands_medium [nzn_winding_woodlands_5x5_default,
          nzn_winding_woodlands_5x15_pool, nzn_winding_woodlands_5x5_open_star,
          nzn_winding_woodlands_5x5_default,
          nzn_winding_woodlands_center_triple_pond,
          nzn_winding_woodlands_5x5_three,
          nzn_winding_woodlands_5x5_checkerboard,
          nzn_winding_woodlands_5x15_pathside_ponds,
          nzn_winding_woodlands_hourglass], layout_basic, lemuel_tele_altar,
          mainiacjoe_overflow_catch_the_wave, nicolae_diode_stairs
Temple:   eino_temple_lava
Lair:1:   layout_small_grid, mumra_transporter_accident, lemuel_centaur_altar
Lair:2:   layout_cave_pods, minmay_shoals_entry_beasts,
          chequers_serial_rivers_micro_c, chequers_serial_rivers_small_3
Lair:3:   layout_roguey, minmay_snake_entry_spellcaster, gammafunk_ghost_ooze,
          grunt_megastairs_1
Lair:4:   layout_hall_layers, basic_altar
Lair:5:   due_jungle_book, layout_gridlike, slime_entry_1

Skill      XL: |  1  2  3  4  5  6  7  8  9 10 11 12 13 14 |
---------------+-------------------------------------------+-----
Fighting       | 4 5 6 7 9 10 12 13 14 | 14.5
Maces & Flails | 3 4 5 6 7 9 10 12 13 14 | 14.5
Armour         | 4 5 6 8 9 10 12 13 14 | 14.5
Shields        | 4 5 6 7 9 10 12 13 14 | 14.5
Invocations    | 7 10 | 10.0

Action                   |  1- 3 |  4- 6 |  7- 9 | 10-12 | 13-15 || total
-------------------------+-------+-------+-------+-------+-------++-------
Melee: Flail             |    56 |   133 |       |       |       ||   189
       Headbutt          |     6 |    21 |    29 |   140 |   128 ||   324
       Morningstar       |       |    22 |   168 |   321 |       ||   511
       Eveningstar       |       |       |       |   106 |   327 ||   433
Invok: Divine Shield     |       |       |       |     4 |       ||     4
Evoke: Wand              |       |       |    12 |     9 |       ||    21
  Use: Scroll            |       |     9 |     4 |    18 |     6 ||    37
       Potion            |       |       |     1 |     4 |       ||     5
Armor: Scale mail        |    24 |    88 |       |       |       ||   112
       Chain mail        |       |     9 |    90 |    67 |       ||   166
       Plate armour      |       |       |       |   190 |   148 ||   338
Dodge: Dodged            |    21 |    77 |    59 |   140 |    56 ||   353
Block: Buckler           |    16 |    38 |    41 |    50 |       ||   145
       Kite shield       |       |       |       |   192 |   172 ||   364
       Rpst.: Eveningstar |       |       |       |    26 |    65 ||    91
